TOP OF THE 1ST |
Coos Bay-North Bend Blue Soxs batting - Pitching for Modesto Nuts : RHP Kevin Price
|
Pitching: RHP Kevin Price
|
|
Batting: LHB Dwight Taylor
|
0-0: Ball 1-0: Foul Ball, location: 2F 1-1: Foul Ball, location: 2F 1-2: Foul Ball, location: 2F 1-2: Ball 2-2: Fly out, F8 (Line Drive, 8RD, EV 89.4 MPH)
|
Batting: LHB Curt Reed
|
0-0: SINGLE (Groundball, 6MD, EV 106.9 MPH)
|
Batting: LHB Benny Distefano
|
0-0: Called Strike 0-1: Called Strike Curt Reed is caught stealing 2nd base 2-6 0-2: Fly out, F8 (Flyball, 8LM, EV 82.5 MPH)
|
Top of the 1st over - 0 runs, 1 hit, 0 errors, 0 left on base; Coos Bay-North Bend 0 - Modesto 0 |
BOTTOM OF THE 1ST |
Modesto Nuts batting - Pitching for Coos Bay-North Bend Blue Soxs : LHP Vicente Robles
|
Pitching: LHP Vicente Robles
|
|
Batting: RHB Andre Lowe
|
0-0: Swinging Strike 0-1: Foul Ball, location: 2F 0-2: Ball 1-2: Fly out, F7 (Flyball, 78XD, EV 86.9 MPH)
|
Batting: RHB Johnny Tutt
|
0-0: Ball 1-0: Ball 2-0: Ball 3-0: Called Strike 3-1: Base on Balls
|
Batting: LHB Dave McLaughlin
|
0-0: Foul Ball, location: 2F 0-1: Fly out, F7 (Flyball, 7, EV 94.4 MPH)
|
Batting: RHB Antonio Lopez
|
0-0: Foul Ball, location: 2F 0-1: Ground out 4-3 (Groundball, 4, EV 86.9 MPH)
|
Bottom of the 1st over - 0 runs, 0 hits, 0 errors, 1 left on base; Coos Bay-North Bend 0 - Modesto 0 |
TOP OF THE 2ND |
Coos Bay-North Bend Blue Soxs batting - Pitching for Modesto Nuts : RHP Kevin Price
|
Batting: RHB Bob Gergen
|
0-0: Ball 1-0: Ground out 5-3 (Groundball, 56S, EV 63.1 MPH)
|
Batting: RHB Danny Quintana
|
0-0: Foul Ball, location: 2F 0-1: Swinging Strike 0-2: Ball 1-2: Ball 2-2: Ground out 6-3 (Groundball, 6MS, EV 85.6 MPH)
|
Batting: RHB Brian Stemberger
|
0-0: Ball 1-0: Ball 2-0: Called Strike 2-1: Ball 3-1: Base on Balls
|
Batting: LHB Craig Gerber
|
0-0: Foul Ball, location: 2F 0-1: Ball 1-1: Fly out, F9 (Line Drive, 9, EV 95.0 MPH)
|
Top of the 2nd over - 0 runs, 0 hits, 0 errors, 1 left on base; Coos Bay-North Bend 0 - Modesto 0 |
BOTTOM OF THE 2ND |
Modesto Nuts batting - Pitching for Coos Bay-North Bend Blue Soxs : LHP Vicente Robles
|
Batting: RHB James Cecchini
|
0-0: Ball 1-0: Ball 2-0: Ball 3-0: Called Strike 3-1: Foul Ball, location: 2F 3-2: Base on Balls
|
Batting: LHB Nelson Burciaga
|
0-0: Called Strike 0-1: Swinging Strike 0-2: Fly out, F7 (Flyball, 7, EV 80.0 MPH)
|
Batting: RHB Mike Miller
|
0-0: Fielders Choice at 2nd, 4-6 (Groundball, 4, EV 100.0 MPH)
|
Batting: RHB Larry Tribble
|
0-0: Called Strike Mike Miller is caught stealing 2nd base 2-4
|
Bottom of the 2nd over - 0 runs, 0 hits, 0 errors, 0 left on base; Coos Bay-North Bend 0 - Modesto 0 |
TOP OF THE 3RD |
Coos Bay-North Bend Blue Soxs batting - Pitching for Modesto Nuts : RHP Kevin Price
|
Batting: RHB James Stefanski
|
0-0: Foul Ball, location: 2F 0-1: Ball 1-1: SINGLE (Groundball, 6MD, EV 100.0 MPH)
|
Batting: RHB Mark Miller
|
0-0: Fly out, F9 (Flyball, 9LD, EV 93.8 MPH)
|
Batting: LHB Dwight Taylor
|
0-0: Swinging Strike 0-1: SINGLE (Line Drive, 4MD, EV 94.4 MPH) James Stefanski to second
|
Batting: LHB Curt Reed
|
0-0: Ball 1-0: Fly out, F4 (Flyball, 34D, EV 89.4 MPH)
|
Batting: LHB Benny Distefano
|
0-0: SINGLE (Groundball, 6D, EV 95.6 MPH) James Stefanski to third Dwight Taylor to second Runner from 3rd tries for Home, SAFE, throw by CF to home
|
Batting: RHB Bob Gergen
|
0-0: Ball 1-0: Ball 2-0: Ball 3-0: Called Strike 3-1: SINGLE (Line Drive, 9LS, EV 108.1 MPH) Dwight Taylor to third Benny Distefano to second Runner from 3rd tries for Home, SAFE, throw by RF to home
|
Batting: RHB Danny Quintana
|
0-0: Ball 1-0: Ball Wild Pitch! Benny Distefano to third Bob Gergen to second 2-0: Called Strike 2-1: Ball 3-1: Base on Balls
|
Batting: RHB Brian Stemberger
|
0-0: Ball 1-0: Foul Ball, location: 2F 1-1: Ground out 5-3 (Groundball, 5S, EV 79.4 MPH)
|
Top of the 3rd over - 2 runs, 4 hits, 0 errors, 3 left on base; Coos Bay-North Bend 2 - Modesto 0 |
BOTTOM OF THE 3RD |
Modesto Nuts batting - Pitching for Coos Bay-North Bend Blue Soxs : LHP Vicente Robles
|
Batting: RHB Larry Tribble
|
0-0: SINGLE (Groundball, 6, EV 107.5 MPH)
|
Batting: RHB Carlos Leal
|
0-0: Called Strike 0-1: Called Strike 0-2: Ball 1-2: Ball 2-2: Ball 3-2: Fly out, F6 (Popup, P, EV 79.4 MPH)
|
Batting: RHB Andre Lowe
|
0-0: Ball 1-0: Foul Ball, location: 2F 1-1: Ball 2-1: Ball 3-1: Swinging Strike 3-2: Base on Balls Larry Tribble to second
|
Batting: RHB Johnny Tutt
|
0-0: Called Strike 0-1: SINGLE (Groundball, 6MS, EV 67.5 MPH) (infield hit) Larry Tribble to third Andre Lowe to second
|
Batting: LHB Dave McLaughlin
|
0-0: Fly out, F7 (Flyball, 7LS, EV 90.6 MPH)
|
Batting: RHB Antonio Lopez
|
0-0: Foul Ball, location: 2F 0-1: SINGLE (Flyball, 3D, EV 96.3 MPH) Larry Tribble scores Andre Lowe to third Johnny Tutt to second Runner from 3rd tries for Home, SAFE, throw by RF to trailing runner, SAFE at third!
|
Batting: RHB James Cecchini
|
0-0: Ball 1-0: Ball 2-0: Swinging Strike 2-1: Fly out, F9 (Flyball, 9LD, EV 99.4 MPH)
|
Bottom of the 3rd over - 2 runs, 3 hits, 0 errors, 2 left on base; Coos Bay-North Bend 2 - Modesto 2 |
TOP OF THE 4TH |
Coos Bay-North Bend Blue Soxs batting - Pitching for Modesto Nuts : RHP Kevin Price
|
Batting: LHB Craig Gerber
|
0-0: SINGLE (Flyball, 89S, EV 90.0 MPH)
|
Batting: RHB James Stefanski
|
0-0: Ball 1-0: Fly out, F8 (Line Drive, 8RM, EV 94.4 MPH)
|
Batting: RHB Mark Miller
|
0-0: Called Strike 0-1: Grounds into double play, 4-6-3 (Groundball, 4, EV 104.4 MPH)
|
Top of the 4th over - 0 runs, 1 hit, 0 errors, 0 left on base; Coos Bay-North Bend 2 - Modesto 2 |
BOTTOM OF THE 4TH |
Modesto Nuts batting - Pitching for Coos Bay-North Bend Blue Soxs : LHP Vicente Robles
|
Batting: LHB Nelson Burciaga
|
0-0: Ball 1-0: SINGLE (Groundball, 34D, EV 98.8 MPH)
|
Batting: RHB Mike Miller
|
0-0: Ground out U3 (Groundball, 3S, EV 72.5 MPH) Nelson Burciaga to second
|
Batting: RHB Larry Tribble
|
0-0: Ground out 5-3 (Groundball, 5L, EV 80.6 MPH)
|
Batting: RHB Carlos Leal
|
0-0: Fly out, F9 (Line Drive, 9, EV 85.6 MPH)
|
Bottom of the 4th over - 0 runs, 1 hit, 0 errors, 1 left on base; Coos Bay-North Bend 2 - Modesto 2 |
TOP OF THE 5TH |
Coos Bay-North Bend Blue Soxs batting - Pitching for Modesto Nuts : RHP Kevin Price
|
Batting: LHB Dwight Taylor
|
0-0: Foul Ball, location: 2F 0-1: Swinging Strike 0-2: Ball 1-2: Foul Ball, location: 2F 1-2: Foul Ball, location: 2F 1-2: Strikes out swinging
|
Batting: LHB Curt Reed
|
0-0: Ground out 5-3 (Groundball, 56, EV 99.4 MPH)
|
Batting: LHB Benny Distefano
|
0-0: Called Strike 0-1: Ground out 2-3 (Groundball, 15S, EV 68.8 MPH)
|
Top of the 5th over - 0 runs, 0 hits, 0 errors, 0 left on base; Coos Bay-North Bend 2 - Modesto 2 |
BOTTOM OF THE 5TH |
Modesto Nuts batting - Pitching for Coos Bay-North Bend Blue Soxs : LHP Vicente Robles
|
Batting: RHB Andre Lowe
|
0-0: Ball 1-0: Called Strike 1-1: Swinging Strike 1-2: Ball 2-2: Ball 3-2: Base on Balls
|
Batting: RHB Johnny Tutt
|
0-0: Called Strike 0-1: Called Strike Andre Lowe steals 2nd base 0-2: SINGLE (Groundball, 56D, EV 96.9 MPH) Andre Lowe to third
|
Batting: LHB Dave McLaughlin
|
0-0: Called Strike 0-1: Ball 1-1: Swinging Strike 1-2: Fielders Choice at 2nd, 4-6 (Groundball, 4, EV 90.6 MPH) Andre Lowe scores
|
Batting: RHB Antonio Lopez
|
0-0: Ball 1-0: Called Strike 1-1: Foul Ball, location: 2F 1-2: DOUBLE (Flyball, 8LXD, EV 96.3 MPH) Dave McLaughlin to third
|
Batting: RHB James Cecchini
|
0-0: Foul Ball, location: 2F 0-1: Swinging Strike 0-2: Ball 1-2: Strikes out swinging
|
Batting: LHB Nelson Burciaga
|
0-0: Fly out, F7 (Flyball, 7, EV 86.3 MPH)
|
Bottom of the 5th over - 1 run, 2 hits, 0 errors, 2 left on base; Coos Bay-North Bend 2 - Modesto 3 |
TOP OF THE 6TH |
Coos Bay-North Bend Blue Soxs batting - Pitching for Modesto Nuts : RHP Kevin Price
|
Batting: RHB Bob Gergen
|
0-0: Ball 1-0: Ball 2-0: Ball 3-0: Base on Balls
|
Batting: RHB Danny Quintana
|
0-0: Ball 1-0: Called Strike 1-1: Fly out, F9 (Flyball, 9, EV 95.0 MPH)
|
Batting: RHB Brian Stemberger
|
0-0: Ball 1-0: Called Strike 1-1: Ball 2-1: Swinging Strike 2-2: Strikes out looking
|
Batting: LHB Craig Gerber
|
0-0: Ball 1-0: Called Strike Bob Gergen steals 2nd base 1-1: SINGLE (Groundball, 25, EV 70.6 MPH) (infield hit) Bob Gergen to third
|
Batting: RHB James Stefanski
|
0-0: Foul Ball, location: 2F 0-1: Fielders Choice at 2nd, 6-4 (Groundball, 56, EV 102.5 MPH)
|
Top of the 6th over - 0 runs, 1 hit, 0 errors, 2 left on base; Coos Bay-North Bend 2 - Modesto 3 |
BOTTOM OF THE 6TH |
Modesto Nuts batting - Pitching for Coos Bay-North Bend Blue Soxs : LHP Vicente Robles
|
Batting: RHB Mike Miller
|
0-0: Ball 1-0: Foul Ball, location: 2F 1-1: Called Strike 1-2: Ball 2-2: Reached on error, E6 (Groundball, 6, EV 101.3 MPH)
|
Batting: RHB Larry Tribble
|
0-0: Fly out, F4 (Popup, 4MD, EV 50.0 MPH)
|
Batting: RHB Carlos Leal
|
0-0: Fly out, F8 (Line Drive, 8RD, EV 96.3 MPH)
|
Batting: RHB Andre Lowe
|
0-0: Fly out, F3 (Flyball, 3D, EV 85.0 MPH)
|
Bottom of the 6th over - 0 runs, 0 hits, 1 error, 1 left on base; Coos Bay-North Bend 2 - Modesto 3 |
TOP OF THE 7TH |
Coos Bay-North Bend Blue Soxs batting - Pitching for Modesto Nuts : RHP Kevin Price
|
Batting: RHB Mark Miller
|
0-0: Called Strike 0-1: Foul Ball, location: 2F 0-2: Ball 1-2: Ball 2-2: Ball 3-2: Ground out 6-3 (Groundball, 6, EV 90.0 MPH)
|
Batting: LHB Dwight Taylor
|
0-0: SINGLE (Line Drive, 6MD, EV 107.5 MPH)
|
Batting: LHB Curt Reed
|
0-0: Ball 1-0: Ball 2-0: Foul Ball, location: 2F 2-1: Swinging Strike 2-2: Fly out, F6 (Popup, 6, EV 65.6 MPH)
|
Batting: LHB Benny Distefano
|
0-0: Ball 1-0: Fly out, F8 (Flyball, 78M, EV 87.5 MPH)
|
Top of the 7th over - 0 runs, 1 hit, 0 errors, 1 left on base; Coos Bay-North Bend 2 - Modesto 3 |
BOTTOM OF THE 7TH |
Modesto Nuts batting - Pitching for Coos Bay-North Bend Blue Soxs : LHP Vicente Robles
|
Batting: RHB Johnny Tutt
|
0-0: Ground out 4-3 (Groundball, 34, EV 93.1 MPH)
|
Batting: LHB Dave McLaughlin
|
0-0: Ball 1-0: Ball 2-0: Called Strike 2-1: Ball 3-1: Base on Balls
|
Batting: RHB Antonio Lopez
|
0-0: Ball 1-0: Fly out, F8 (Flyball, 89D, EV 95.0 MPH)
|
Batting: RHB James Cecchini
|
0-0: Ball Dave McLaughlin is caught stealing 2nd base 2-4
|
Bottom of the 7th over - 0 runs, 0 hits, 0 errors, 0 left on base; Coos Bay-North Bend 2 - Modesto 3 |
TOP OF THE 8TH |
Coos Bay-North Bend Blue Soxs batting - Pitching for Modesto Nuts : RHP Kevin Price
|
Batting: RHB Bob Gergen
|
0-0: Called Strike 0-1: Ball 1-1: Ball 2-1: Ball 3-1: SINGLE (Line Drive, 8LM, EV 90.6 MPH)
|
Pitching: RHP Kyle Hartshorn
|
|
Batting: RHB Danny Quintana
|
0-0: Foul Ball, location: 2F 0-1: Ball 1-1: Ball 2-1: Foul Ball, location: 2F 2-2: Ball 3-2: Ground out 4-3 (Groundball, 13, EV 84.4 MPH) Bob Gergen to second
|
Batting: RHB Brian Stemberger
|
0-0: Fly out, F6 (Popup, 6M, EV 68.1 MPH)
|
Pitching: RHP Jody Johnston
|
|
Batting: LHB Craig Gerber
|
0-0: Ball 1-0: Ball 2-0: Foul Ball, location: 2F 2-1: Ball 3-1: Foul Ball, location: 2F 3-2: Ground out 6-3 (Groundball, 6, EV 109.4 MPH)
|
Top of the 8th over - 0 runs, 1 hit, 0 errors, 1 left on base; Coos Bay-North Bend 2 - Modesto 3 |
BOTTOM OF THE 8TH |
Modesto Nuts batting - Pitching for Coos Bay-North Bend Blue Soxs : LHP Vicente Robles
|
Batting: RHB James Cecchini
|
0-0: Swinging Strike 0-1: Ball 1-1: Ball 2-1: Ball 3-1: Base on Balls
|
Batting: LHB Nelson Burciaga
|
0-0: Foul Ball, location: 2F 0-1: Ball 1-1: Foul Ball, location: 2F 1-2: Ball 2-2: Foul Ball, location: 2F 2-2: Hit by Pitch James Cecchini to second
|
Pinch Runner at 2nd Carey Ross:
|
|
Batting: RHB Mike Miller
|
0-0: Ball 1-0: Fielders Choice at 2nd, 6-4 (Groundball, 6, EV 82.5 MPH) Carey Ross to third
|
Batting: RHB Larry Tribble
|
0-0: Ball 1-0: Called Strike 1-1: Foul Ball, location: 2F 1-2: Grounds into double play, 4-6-3 (Groundball, 4, EV 95.6 MPH)
|
Bottom of the 8th over - 0 runs, 0 hits, 0 errors, 1 left on base; Coos Bay-North Bend 2 - Modesto 3 |
TOP OF THE 9TH |
Coos Bay-North Bend Blue Soxs batting - Pitching for Modesto Nuts : RHP Jody Johnston
|
Pitching: LHP Timothy Fagely
|
|
Now at 1B: Jeff Mace
|
|
Now at 3B: Carey Ross
|
|
Batting: RHB James Stefanski
|
0-0: Called Strike 0-1: Foul Ball, location: 2F 0-2: Ball 1-2: Foul Ball, location: 2F 1-2: Ball 2-2: Ball 3-2: Base on Balls
|
Batting: RHB Mark Miller
|
0-0: Bunted foul 0-1: Sac Bunt to 2L - play at first, batter OUT! 2-4 James Stefanski to second
|
Batting: LHB Dwight Taylor
|
0-0: Ball 1-0: Called Strike 1-1: Foul Ball, location: 2F 1-2: Fly out, F5 (Line Drive, 5, EV 66.3 MPH)
|
Batting: LHB Curt Reed
|
0-0: Ball 1-0: Called Strike 1-1: Ball 2-1: Called Strike 2-2: Foul Ball, location: 2F 2-2: Strikes out swinging
|
Top of the 9th over - 0 runs, 0 hits, 0 errors, 1 left on base; Coos Bay-North Bend 2 - Modesto 3 |
|